 Dungeon Crawl Stone Soup version 0.16-a0-253-g996e5b4 (webtiles) character file.

498 Qrupt the Ducker (level 7, 0/38 HPs)
             Began as a Kobold Artificer on Aug 23, 2014.
             Was a Follower of Dithmenos.
             Killed by divine providence
             ... invoked by an orc priest
              (13 damage)
             ... on Level 5 of the Dungeon.
             The game lasted 00:12:48 (6127 turns).

Qrupt the Ducker (Kobold Artificer)                 Turns: 6127, Time: 00:12:48

HP   0/38        AC  5     Str  9      XL: 7   Next: 39%
MP  11/11        EV 19     Int 10      God: Dithmenos [*.....]
Gold 167         SH  0     Dex 19      Spells:  0 memorised,  6 levels left

rFire  . . .     SeeInvis .     a - +1 short sword
rCold  . . .     Clarity  .     e - +0 leather armour
rNeg   . . .     rCorr    .     (no shield)
rPois  .         rRot     .     f - +0 helmet
rElec  .         Spirit   .     m - +0 cloak (curse)
SustAb .         Warding  .     (no gloves)
rMut   .         Stasis   .     (no boots)
Gourm  .                        (no amulet)
MR     .....                    o - ring of flight
                                k - +2 ring of evasion

@: wreathed by umbra, drained, not resistant to hostile enchantments, unstealthy
A: carnivore 3
a: Renounce Religion, Evoke Flight


You were on level 5 of the Dungeon.
You worshipped Dithmenos.
Dithmenos was aware of your devotion.
You were full.

You visited 1 branch of the dungeon, and saw 5 of its levels.

You collected 167 gold pieces.

Inventory:

Hand weapons
 a - a +1 short sword (weapon)
Armour
 e - a +0 leather armour (worn)
 f - a +0 helmet (worn)
 m - a cursed +0 cloak (worn)
Magical devices
 b - a wand of flame (8)
 c - a wand of enslavement (11)
 d - a wand of random effects (10)
Comestibles
 w - a meat ration
 z - a beef jerky
Scrolls
 i - 2 scrolls of magic mapping {unknown}
 n - a scroll of fog {unknown}
 r - 2 scrolls of identify
 u - 2 scrolls of amnesia {unknown}
 x - a scroll of blinking {unknown}
 y - a scroll of random uselessness {unknown}
 A - a scroll of remove curse {unknown}
Jewellery
 k - a +2 ring of evasion (left hand)
 o - a ring of flight (right hand)
Potions
 h - a potion of brilliance {unknown}
 j - 2 potions of restore abilities {unknown}
 l - a potion of heal wounds
 p - a potion of haste {unknown}
 q - a potion of mutation {unknown}
 s - 3 potions of poison {unknown}
 t - 3 potions of curing {unknown}
 v - a potion of lignification {unknown}


   Skills:
 - Level 1.1(0.8) Fighting
 - Level 6.5(6.3) Short Blades
 + Level 6.8(6.6) Dodging
 - Level 1.3(1.1) Stealth
 - Level 3.6(3.4) Evocations


You had 6 spell levels left.
You didn't know any spells.

Dungeon Overview and Level Annotations

Branches:
Dungeon (5/15)
 Temple: D:4-7

Altars:
Dithmenos
Makhleb
Vehumet
The Shining One

Shops:
D:4 *}

Annotations:
D:3 Grinder


Innate Abilities, Weirdness & Mutations

You are small and have problems with some larger weapons.
You are carnivorous and can eat meat at any time.


Message History

You kill the giant gecko!
Dithmenos accepts your kill.
No target in view!
You start resting.
You start resting.
HP restored.
You climb upwards.
There is a stone staircase leading down here.
The orc priest calls down the wrath of Beogh upon you.
Something smites you!
The orc priest mumbles some strange prayers to Beogh against you.
Something smites you!
The orc priest hits you but does no damage.
You feel drained.
You climb downwards.
There is a stone staircase leading up here.
You closely miss the orc priest.
The orc priest invokes the aid of Beogh against you.
Something smites you!
You die...

. ..#. ...#.
....#.#####
...........
..........##
...........##.#
.................
#.o@..# ###%###
#.. #..# ....
#...# #....
#..##. ##.


You could see an orc priest.

Vanquished Creatures
  2 killer bees (D:4)
  2 hounds
  An orc priest (D:4)
  4 orc wizards
  Jessica (D:3)
  6 adders
  5 worms
  3 giant geckos
  An ooze (D:1)
  8 orcs
  5 giant cockroaches
  16 goblins
  8 hobgoblins
  10 bats
  2 giant newts
  A hobgoblin zombie (D:5)
  A jackal skeleton (D:4)
  11 kobolds
  5 rats
92 creatures vanquished.

Vanquished Creatures (collateral kills)
  3 killer bees (D:4)
3 creatures vanquished.

Grand Total: 95 creatures vanquished

Notes
Turn   | Place    | Note
--------------------------------------------------------------
     0 | D:1      | Qrupt, the Kobold Artificer, began the quest for the Orb.
     0 | D:1      | Reached XP level 1. HP: 12/12 MP: 1/1
    89 | D:1      | Reached XP level 2. HP: 2/16 MP: 3/3
   666 | D:1      | Reached XP level 3. HP: 20/20 MP: 4/4
   804 | D:1      | Reached skill level 4 in Short Blades
  1313 | D:2      | Reached XP level 4. HP: 10/25 MP: 6/6
  1570 | D:2      | Reached skill level 5 in Short Blades
  2228 | D:2      | Reached XP level 5. HP: 29/29 MP: 8/8
  2608 | D:2      | Found a radiant altar of Vehumet.
  2628 | D:2      | Reached skill level 6 in Short Blades
  2720 | D:2      | Found a shadowy altar of Dithmenos.
  2721 | D:2      | Found a glowing golden altar of the Shining One.
  2831 | D:2      | Became a worshipper of Dithmenos the Shadowed
  3083 | D:3      | Noticed Jessica
  3095 | D:3      | Killed Jessica
  4060 | D:3      | Reached XP level 6. HP: 9/34 MP: 9/9
  4488 | D:3      | Noticed Grinder
  4839 | D:4      | Found Hano's General Store.
  4933 | D:4      | Reached skill level 5 in Dodging
  5123 | D:4      | Found Asie's Gadget Emporium.
  5206 | D:4      | Found a burning altar of Makhleb.
  5226 | D:4      | Reached XP level 7. HP: 38/38 MP: 11/11
  5710 | D:5      | Entered Level 5 of the Dungeon
  6127 | D:5      | Killed from afar by an orc priest

Action                   |  1- 3 |  4- 6 |  7- 9 || total
-------------------------+-------+-------+-------++-------
Melee: Short sword       |   125 |   257 |    94 ||   476
Evoke: Wand              |     3 |    13 |       ||    16
  Use: Scroll            |       |     2 |     1 ||     3
       Potion            |       |       |     1 ||     1
 Stab: Sleeping          |     2 |     1 |       ||     3
  Eat: Chunk             |       |    11 |     5 ||    16
       Meat ration       |       |     1 |       ||     1
